 Dungeon Crawl Stone Soup version 0.30.1-3-gfc49f6343a (webtiles) character file.

Game seed: 10331385008143452416

2468 booth the Magician (level 9, -1/64 HPs)
             Began as a Demonspawn Hedge Wizard on July 31, 2023.
             Was an Initiate of Ashenzari.
             Shot with a sling bullet by Joseph (21 damage)
             ... on level 7 of the Dungeon.
             The game lasted 00:53:22 (7162 turns).

booth the Magician (Demonspawn Hedge Wizard)        Turns: 7162, Time: 00:53:22

Health: -1/64      AC:  7    Str: 14    XL:     9   Next: 26%
Magic:  17/17      EV: 12    Int: 17    God:    Ashenzari [......]
Gold:   389        SH:  4    Dex: 12    Spells: 2/19 levels left

rFire   + . .        k - +3 whip (elec)
rCold   . . .        (no shield)
rNeg    + . .        o - +2 leather armour {rF+}
rPois   .            c - +0 hat
rElec   .            (no cloak)
rCorr   .            (no gloves)
SInv    .            (no boots)
Will    .....        (no amulet)
Stlth   ++           y - ring of positive energy
HPRegen 0.30/turn    (no ring)
MPRegen 0.15/turn

%: no passive effects
@: no status effects
A: hooves 2, slimy green scales 1, foul stench 1, condensation shield
a: Renounce Religion


You were on level 7 of the Dungeon.
You worshipped Ashenzari.
Ashenzari was noncommittal.
You visited 2 branches of the dungeon, and saw 8 of its levels.

You collected 389 gold pieces.

Inventory:

Hand Weapons
 a - a +0 dagger
 g - a +0 mace
 k - a +3 whip of electrocution (weapon)
 q - a +0 hand axe
Missiles
 l - 3 boomerangs (quivered)
 v - 13 poisoned darts
 w - 4 javelins
Armour
 b - a +0 robe
 c - a +0 hat (worn)
 f - a +0 leather armour
 o - a +2 leather armour of fire resistance (worn)
Jewellery
 y - a ring of positive energy (left hand)
Wands
 m - a wand of mindburst (10)
 u - a wand of polymorph (6)
Scrolls
 e - a scroll of identify
 j - a scroll of teleportation
 p - a scroll of poison
 s - 2 scrolls of amnesia
 t - a scroll of magic mapping
Potions
 d - 6 potions of magic
 h - 4 potions of mutation
 i - 2 potions of curing
 r - 2 potions of haste
 x - a potion of might
 z - a potion of resistance


   Skills:
 + Level 3.5 Fighting
 + Level 2.9 Maces & Flails
 + Level 0.2 Throwing
 + Level 4.0 Dodging
 + Level 4.0 Stealth
 * Level 5.8 Spellcasting
 + Level 3.7 Conjurations
 + Level 4.0 Summonings
 + Level 3.6 Necromancy
 + Level 3.3 Translocations
 + Level 3.1 Poison Magic


You had 2 spell levels left.
You knew the following spells:

 Your Spells              Type           Power      Damage    Failure   Level
a - Magic Dart            Conj           68%        1d6       3%          1
b - Slow                  Hex            16%        N/A       17%         1
c - Blink                 Tloc           32%        N/A       6%          2
d - Call Imp              Summ           36%        N/A       4%          2
e - Cigotuvi's Dreadful   Necr/Pois/Air  24%        N/A       10%         2
f - Gell's Gravitas       Tloc           16%        N/A       13%         3
g - Teleport Other        Tloc           16%        N/A       13%         3
h - Mephitic Cloud        Conj/Pois/Air  12%        N/A       19%         3

Your spell library contained the following spells:

 Spells                   Type           Power      Damage    Failure   Level
 Sublimation of Blood     Necr           17%        N/A       5%          2
 Lesser Beckoning         Tloc           32%        N/A       6%          2
 Wereblood                Tmut           4%         N/A       26%         2
 Frozen Ramparts          Ice            8%         1d2       45%         3
 Summon Ice Beast         Ice/Summ       11%        N/A       58%         4
 Ice Form                 Ice/Tmut       4%         N/A       86%         4
 Summon Hydra             Summ           9%         N/A       100%        7


Dungeon Overview and Level Annotations

Branches:
Dungeon (7/15)             Temple (1/1) D:6

Altars:
Ashenzari
Cheibriados
Gozag
Hepliaklqana
Kikubaaqudgha
Makhleb
Nemelex Xobeh
Okawaru
Qazlal
Ru
Sif Muna
Trog
Vehumet
Wu Jian
Xom
Yredelemnul

Shops:
D:5 *

Annotations:
D:7 Joseph


Innate Abilities, Weirdness & Mutations

You have hoof-like feet.
You are partially covered in slimy green scales. (AC +2)
You may rarely emit foul miasma when damaged in melee.
A meltable shield of frost defends you. (SH +4)


Message History

Your cerulean imp hits Joseph with a -3 spear.
Things that are here:
a +0 trident; a +0 scale mail Joseph shoots a sling bullet.
The sling bullet barely misses your cerulean imp.
The sling bullet misses you.
Your cerulean imp barely misses Joseph.
Joseph shoots a sling bullet.
The sling bullet completely misses your cerulean imp.
The sling bullet completely misses you.
Your cerulean imp barely misses Joseph.
Joseph unwields a +0 sling.
Joseph wields a +0 quarterstaff of pain.
Joseph misses your cerulean imp.
Your cerulean imp barely misses Joseph.
Joseph unwields a +0 quarterstaff of pain.
Joseph wields a +0 sling.
Joseph shoots a sling bullet.
The sling bullet hits your cerulean imp!
Your cerulean imp hits Joseph with a -3 spear.
Your cerulean imp closely misses Joseph.
You start resting.
Magic restored.
You feel much better.
You swap places.
You swap places.
Your cerulean imp hits Joseph from afar with a -3 spear.
Joseph unwields a +0 quarterstaff of pain.
Joseph wields a +0 sling.
Joseph shoots a sling bullet.
The sling bullet barely misses your cerulean imp.
The sling bullet hits you!
Your cerulean imp hits Joseph from afar with a -3 spear.
Joseph shoots a sling bullet.
The sling bullet hits your cerulean imp!
Your cerulean imp dies!
Your cerulean imp disappears in a puff of smoke!
Joseph shoots a sling bullet.
The sling bullet hits you.
Throw: 3 boomerangs
Press: ? - help, Q - select action, (/) - cycle Shift-Dir - straight line, f/p - Joseph
Aim: Joseph, wielding a +0 sling and wearing a +0 leather armour (moderately wounded, 57% to hit)
You throw a boomerang. The boomerang hits Joseph.
Joseph is moderately wounded.
Joseph shoots a sling bullet.
The sling bullet hits you!!
You die...

#.# #.####.######..
#.###.#.........#..
#.#.............#..
#.#.#.[.##.######..
#.#.#...>.... ...
#.#)#.#..##### ##.
#.#...#..# #.
#.#####..# #.@.#
#..# ###.# #..# #.#
#..## #ยง# ...##
#.# ...#
#@#####..###
#.....)5@..#
##########....# #..


You could see Joseph.

Vanquished Creatures
  Sigmund (D:5)
  4 yaks (D:5)
  Edmund (D:4)
  A sky beast (D:6)
  A black bear (D:6)
  3 ogres
  A centaur (D:5)
  A kobold brigand (D:6)
  2 scorpions (D:5)
  5 jellies
  6 hounds
  An orc priest (D:6)
  2 sleepcaps
  2 orc wizards
  4 iguanas
  3 gnolls (D:2)
  6 adders
  2 white imps (D:6)
  2 ufetubi
  A worm (D:2)
  2 dart slugs
  14 orcs
  6 bats
  6 endoplasms
  A giant cockroach (D:6)
  9 hobgoblins
  4 jackals (D:2)
  10 kobolds
  2 quokkas
  7 ball pythons
  5 frilled lizards (D:1)
  6 goblins
  4 rats
125 creatures vanquished.

Vanquished Creatures (collateral kills)
  Eustachio (D:6)
1 creature vanquished.

Grand Total: 126 creatures vanquished

Notes
Turn   | Place    | Note
-------+----------+-------------------------------------------
     0 | D:1      | booth the Demonspawn Hedge Wizard began the quest for the
                  | Orb.
     0 | D:1      | Reached XP level 1. HP: 13/13 MP: 4/4
     2 | D:1      | Learned a level 1 spell: Slow
    71 | D:1      | Reached skill level 1 in Translocations
   237 | D:1      | Gained mutation: You have large cloven feet. [demonic
                  | ancestry]
   237 | D:1      | Reached XP level 2. HP: 19/19 MP: 1/6
   687 | D:1      | Learned a level 2 spell: Blink
   690 | D:1      | Learned a level 2 spell: Call Imp
  1106 | D:2      | Gained mutation: You have hoof-like feet. [demonic
                  | ancestry]
  1106 | D:2      | Reached XP level 3. HP: 25/25 MP: 4/7
  1711 | D:2      | Reached XP level 4. HP: 18/31 MP: 1/9
  1804 | D:2      | Reached skill level 1 in Fighting
  2520 | D:3      | Learned a level 2 spell: Cigotuvi's Dreadful Rot
  3065 | D:4      | Reached XP level 5. HP: 36/37 MP: 10/10
  3340 | D:4      | Noticed an ogre
  3349 | D:4      | Killed an ogre
  3350 | D:4      | Reached skill level 1 in Necromancy
  3421 | D:4      | Gained mutation: You are partially covered in slimy green
                  | scales. (AC +2) [demonic ancestry]
  3421 | D:4      | Reached XP level 6. HP: 43/43 MP: 11/11
  3461 | D:4      | Noticed Edmund
  3495 | D:4      | Killed Edmund
  3496 | D:4      | Reached skill level 1 in Maces & Flails
  3496 | D:4      | Reached skill level 4 in Spellcasting
  3496 | D:4      | Reached skill level 1 in Poison Magic
  3844 | D:5      | Entered Level 5 of the Dungeon
  4007 | D:5      | Found Keekelao's Elemental Accessories.
  4035 | D:5      | Noticed Sigmund
  4082 | D:5      | Killed Sigmund
  4083 | D:5      | Reached XP level 7. HP: 17/50 MP: 13/13
  4335 | D:5      | Noticed a yak
  4335 | D:5      | Noticed a yak
  4335 | D:5      | Noticed a yak
  4339 | D:5      | Noticed a yak
  4908 | D:5      | Killed a yak
  4909 | D:5      | Gained mutation: A meltable shield of frost defends you.
                  | (SH +4) [demonic ancestry]
  4909 | D:5      | Reached XP level 8. HP: 30/57 MP: 13/15
  5205 | D:5      | Reached skill level 5 in Spellcasting
  5352 | D:5      | Learned a level 3 spell: Gell's Gravitas
  5372 | D:6      | Noticed Eustachio
  5412 | D:6      | Killed Eustachio
  5900 | D:6      | Gained mutation: You may rarely emit foul miasma when
                  | damaged in melee. [demonic ancestry]
  5900 | D:6      | Reached XP level 9. HP: 64/64 MP: 17/17
  5916 | D:6      | Found an iron altar of Okawaru.
  6077 | D:6      | Found a staircase to the Ecumenical Temple.
  6078 | D:6      | Found a sand-covered staircase.
  6089 | Temple   | Entered the Ecumenical Temple
  6237 | Temple   | Became a worshipper of Ashenzari the Shackled
  6327 | D:6      | Learned a level 3 spell: Teleport Other
  6331 | D:6      | Learned a level 3 spell: Mephitic Cloud
  7132 | D:7      | Noticed Joseph
  7162 | D:7      | Shot with a sling bullet by Joseph

Illustrated notes

Levels and vault maps discovered:
D:1:      ldierk_walled_garden_2, layout_basic
D:2:      layout_loops_corners
D:3:      layout_rooms, minivault_19
D:4:      layout_basic, minmay_starry_boxes, uniq_edmund
D:5:      layout_basic, nicolae_elemental_shop, uniq_sigmund
D:6:      layout_basic, okawaru_trees_1, minmay_temple_entry_slanted,
          enter_ossuary_1, kennysheep_decorative_pillar,
          minmay_fractal_squares_diagonal_5, uniq_eustachio
D:7:      layout_basic, lemuel_tele_altar, enter_bailey_7, serial_shops,
          nicolae_shop_real_fake_doors, uniq_menkaure, uniq_joseph
Temple:   regret_index_temple_chain_breaker

Skill      XL: |  1  2  3  4  5  6  7  8  9 |
---------------+----------------------------+-----
Translocations | 1 2 3 |  3.3
Dodging        | 2 3 4 |  4.0
Stealth        | 2 3 4 |  4.0
Fighting       | 1 2 3 |  3.5
Summonings     | 2 3 4 |  4.0
Conjurations   | 2 3 |  3.7
Necromancy     | 1 2 3 |  3.6
Maces & Flails | 1 2 |  2.9
Spellcasting   | 4 5 |  5.8
Poison Magic   | 1 2 3 |  3.1
Throwing       | |  0.2

Action                     |  1- 3 |  4- 6 |  7- 9 || total
---------------------------+-------+-------+-------++-------
  Melee: Dagger            |    38 |       |       ||    38
         Kick              |     7 |    19 |    65 ||    91
         Punch             |     2 |     1 |     1 ||     4
         Whip              |     7 |    98 |   220 ||   325
  Throw: Boomerang         |       |    29 |    60 ||    89
         Dart              |       |       |     8 ||     8
         Javelin           |       |       |     1 ||     1
   Cast: Magic Dart        |    69 |    29 |    22 ||   120
         Call Imp          |     2 |     4 |     2 ||     8
         Slow              |     1 |       |       ||     1
         Cigotuvi's Dreadf |       |     3 |     1 ||     4
  Evoke: Wand              |       |       |     1 ||     1
    Use: Potion            |     1 |     3 |     2 ||     6
         Scroll            |       |    11 |     4 ||    15
   Stab: Sleeping          |       |       |     1 ||     1
 Armour: Robe              |    15 |     7 |       ||    22
         Leather armour    |       |     8 |    73 ||    81
  Dodge: Dodged            |    44 |    45 |   149 ||   238
  Block: Other             |       |       |    41 ||    41
